 Dungeon Crawl Stone Soup version 0.21.0 (webtiles) character file.

2347 Leibowitz the Slicer (level 9, 0/54 HPs)
             Began as a Kobold Gladiator on Jan 7, 2018.
             Was an Initiate of Wu Jian.
             Slain by AdmiralAndromeda's ghost (9 damage)
             ... on level 7 of the Dungeon.
             The game lasted 00:20:35 (7915 turns).

Leibowitz the Slicer (Kobold Gladiator)             Turns: 7915, Time: 00:20:35

Health: 0/54       AC:  7    Str: 14    XL:     9   Next: 71%
Magic:  9/9        EV: 19    Int:  9    God:    Wu Jian [......]
Gold:   425        SH:  0    Dex: 17    Spells: 8/8 levels left

rFire    . . .     SeeInvis .   p - +4 dagger (holy)
rCold    . . .     Gourm    .   (shield restricted)
rNeg     . . .     Faith    .   b - +0 leather armour
rPois    .         Spirit   .   c - +0 helmet
rElec    .         Reflect  .   B - +1 cloak
rCorr    .         Harm     .   (no gloves)
MR       +....                  F - +0 pair of boots
Stlth    ++++......             (no amulet)
HPRegen  0.18/turn              e - ring of protection from magic
MPRegen  0.11/turn              v - ring of flight

@: no status effects
A: small, carnivore
a: Renounce Religion, Evoke Flight


You were on level 7 of the Dungeon.
You worshipped Wu Jian.
Wu Jian was noncommittal.
You were full.

You visited 2 branches of the dungeon, and saw 8 of its levels.

You collected 425 gold pieces.

Inventory:

Hand Weapons
 a - a +0 short sword of venom
 p - a +4 dagger of holy wrath (weapon)
Missiles
 d - a throwing net (quivered)
 z - 4 curare-tipped needles
Armour
 b - a +0 leather armour (worn)
 c - a +0 helmet (worn)
 B - a +1 cloak (worn)
 F - a +0 pair of boots (worn)
Jewellery
 e - a ring of protection from magic (left hand)
 o - an uncursed ring of magical power
 v - a ring of flight (right hand)
Wands
 s - a wand of polymorph (22)
 x - a wand of flame (26)
 A - a wand of random effects (29)
Scrolls
 h - 3 scrolls of identify
 i - 2 scrolls of amnesia {unknown}
 l - 7 scrolls of random uselessness {unknown}
 m - 2 scrolls of enchant armour {unknown}
 q - 2 scrolls of enchant weapon {unknown}
 r - 4 scrolls of teleportation {unknown}
 u - a scroll of immolation {unknown}
 w - 3 scrolls of noise {unknown}
 y - a scroll of remove curse {unknown}
 D - 2 scrolls of fog {unknown}
Potions
 g - 2 potions of magic
 j - a potion of curing
 k - a potion of haste
 t - a potion of cancellation
 C - a potion of flight {unknown}
 E - a potion of ambrosia
 G - a potion of might {unknown}
Comestibles
 f - 12 rations


   Skills:
 * Level 5.5 Fighting
 * Level 10.2 Short Blades
 - Level 2.1 Throwing
 + Level 2.9 Armour
 * Level 7.3 Dodging
 * Level 8.2 Stealth


You had 8 spell levels left.
You didn't know any spells.

Dungeon Overview and Level Annotations

Branches:
Dungeon (7/15)             Temple (1/1) D:7

Altars:
Cheibriados
Dithmenos
Elyvilon
Gozag
Hepliaklqana
Kikubaaqudgha
Makhleb
Nemelex Xobeh
Okawaru
Qazlal
Trog
Uskayaw
Vehumet
Wu Jian
Xom
Yredelemnul
Zin
The Shining One

Annotations:
D:4 2 transporters
D:7 AdmiralAndromeda's ghost, novice DrTm


Innate Abilities, Weirdness & Mutations

You are small and have problems with some larger weapons.
You are carnivorous and can eat meat at any time.


Message History

AdmiralAndromeda's ghost is severely damaged.
AdmiralAndromeda's ghost barely misses you.
You hit AdmiralAndromeda's ghost but do no damage.
AdmiralAndromeda's ghost is severely damaged.
You closely miss AdmiralAndromeda's ghost.
AdmiralAndromeda's ghost is severely damaged.
AdmiralAndromeda's ghost hits you!
You hit AdmiralAndromeda's ghost but do no damage.
AdmiralAndromeda's ghost is severely damaged.
You hit AdmiralAndromeda's ghost.
AdmiralAndromeda's ghost convulses.
AdmiralAndromeda's ghost is severely damaged.
AdmiralAndromeda's ghost hits you!
You hit AdmiralAndromeda's ghost but do no damage.
AdmiralAndromeda's ghost is severely damaged.
You barely miss AdmiralAndromeda's ghost.
AdmiralAndromeda's ghost is severely damaged.
AdmiralAndromeda's ghost hits you!
* * * LOW HITPOINT WARNING * * *
AdmiralAndromeda's ghost hits you!
You die...

..#.#..###.##.##
.###...........# ######
#.#.#...)..##..###....#
##.###.##..>..........######
....##)##..##..............###.#
##.........##............#.....#
#.........##.#####.?###...#
##..##........#####..# #..##
....########...W@....###..#
###)# ##.####........# .##)# #.#
#.#.###.## .##)# #.# #.#.# #.#
.##.# #.# ##.#.# #.# .##.#
#.###....###.# .##.#
#....>.......# .##.#
#####....##### .##(# ##.#.#####


You could see AdmiralAndromeda's ghost.

Vanquished Creatures
  Sigmund (D:5)
  Edmund (D:6)
  Duvessa (D:6)
  An orc warrior (D:6)
  A sky beast (D:5)
  A phantom (D:4)
  2 ogres
  2 centaurs
  The ghost of MovingMist the Covered, an amateur GrFi (D:3)
  Blork the orc (D:4)
  A bullfrog (D:7)
  Dowan (D:6)
  2 scorpions
  5 wights (D:7)
  3 howler monkeys
  A bullfrog zombie (D:5)
  2 hounds
  5 orc wizards
  Crazy Yiuf (D:4)
  An orc priest (D:6)
  Natasha (thrice) (D:3)
  3 worker ants (D:5)
  8 gnolls
  8 adders
  A shadow imp (D:6)
  An ooze (D:2)
  5 worms
  2 dart slugs
  A leopard gecko (D:1)
  16 orcs
  3 bats
  5 giant cockroaches
  7 hobgoblins
  8 jackals
  2 quokkas
  A ball python (D:3)
  3 frilled lizards
  8 goblins
  A jackal zombie (D:5)
  8 kobolds
  A quokka zombie (D:6)
  9 rats
  A spectral orc (D:6)
139 creatures vanquished.

Notes
Turn   | Place    | Note
-------+----------+-------------------------------------------
     0 | D:1      | Leibowitz the Kobold Gladiator began the quest for the Orb.
     0 | D:1      | Reached XP level 1. HP: 12/12 MP: 1/1
     1 | D:1      | You fall through a shaft!
    82 | D:2      | Reached XP level 2. HP: 4/17 MP: 2/2
   442 | D:1      | Reached skill level 1 in Stealth
   458 | D:1      | Reached XP level 3. HP: 16/22 MP: 3/3
  1194 | D:2      | Reached skill level 5 in Short Blades
  1400 | D:2      | Found a faded altar of an unknown god.
  1478 | D:2      | Reached XP level 4. HP: 22/27 MP: 4/4
  1542 | D:2      | Found a hide-covered altar of Uskayaw.
  2221 | D:3      | Found a bloodstained altar of Trog.
  2237 | D:3      | Noticed MovingMist's ghost (amateur GrFi)
  2614 | D:3      | Killed MovingMist's ghost
  2614 | D:3      | Reached skill level 6 in Short Blades
  2614 | D:3      | Reached XP level 5. HP: 14/32 MP: 5/5
  2881 | D:3      | Noticed Natasha
  2886 | D:3      | Killed Natasha
  2886 | D:3      | Reached skill level 1 in Armour
  2886 | D:3      | Reached XP level 6. HP: 36/36 MP: 6/6
  2982 | D:3      | Found a shadowy altar of Dithmenos.
  2984 | D:3      | Found a radiant altar of Vehumet.
  2984 | D:3      | Found an ancient bone altar of Kikubaaqudgha.
  2986 | D:3      | Found a glowing golden altar of the Shining One.
  2986 | D:3      | Found a shimmering altar of Xom.
  2986 | D:3      | Found a sparkling altar of Nemelex Xobeh.
  3010 | D:3      | Noticed Natasha
  3022 | D:3      | Killed Natasha
  3163 | D:3      | Noticed Natasha
  3194 | D:3      | Killed Natasha
  3220 | D:3      | Found a glowing golden altar of the Shining One.
  3402 | D:4      | Noticed a phantom
  3423 | D:4      | Killed a phantom
  3423 | D:4      | Reached XP level 7. HP: 24/41 MP: 7/7
  3589 | D:4      | Reached skill level 7 in Short Blades
  3883 | D:4      | Found a transporter.
  3887 | D:4      | Found a transporter.
  3887 | D:4      | Found a shadowy altar of Dithmenos.
  3897 | D:4      | Noticed a two-headed ogre
  4018 | D:4      | Noticed Blork the orc
  4023 | D:4      | Killed Blork the orc
  4032 | D:4      | Reached skill level 5 in Stealth
  4136 | D:4      | Found a runed door.
  4140 | D:4      | Noticed Crazy Yiuf
  4144 | D:4      | Killed Crazy Yiuf
  4144 | D:4      | Reached skill level 5 in Dodging
  4263 | D:5      | Entered Level 5 of the Dungeon
  4375 | D:5      | Reached XP level 8. HP: 48/48 MP: 8/8
  4429 | D:5      | Found an ancient bone altar of Kikubaaqudgha.
  4808 | D:5      | Found a white marble altar of Elyvilon.
  4824 | D:5      | Reached skill level 8 in Short Blades
  4841 | D:5      | Noticed Sigmund
  5051 | D:5      | Found a burning altar of Makhleb.
  5100 | D:5      | Killed Sigmund
  5665 | D:5      | Reached skill level 9 in Short Blades
  5824 | D:6      | Noticed Dowan
  5826 | D:6      | Reached XP level 9. HP: 53/53 MP: 9/9
  5828 | D:6      | Noticed Duvessa
  5886 | D:6      | Killed Duvessa
  5901 | D:6      | HP: 2/53 [Dowan/shard of ice (15)]
  5909 | D:6      | Killed Dowan
  5909 | D:6      | Reached skill level 5 in Fighting
  6149 | D:6      | HP: 1/54 [centaur (5)]
  6776 | D:6      | Found a basalt altar of Yredelemnul.
  6821 | D:6      | Noticed Edmund
  6849 | D:6      | Killed Edmund
  7365 | D:7      | Found a staircase to the Ecumenical Temple.
  7371 | Temple   | Entered the Ecumenical Temple
  7498 | Temple   | Became a worshipper of the Wu Jian Council
  7573 | D:7      | Noticed AdmiralAndromeda's ghost (novice DrTm)
  7606 | D:7      | Reached skill level 10 in Short Blades
  7915 | D:7      | Slain by AdmiralAndromeda's ghost

Skill      XL: |  1  2  3  4  5  6  7  8  9 |
---------------+----------------------------+-----
Stealth        | 1 2 4 5 7 8 |  8.2
Dodging        | 4 5 6 7 |  7.3
Short Blades   | 5 6 7 9 10 | 10.2
Armour         | 1 2 |  2.9
Fighting       | 3 4 5 |  5.5
Throwing       | |  2.1

Action                   |  1- 3 |  4- 6 |  7- 9 || total
-------------------------+-------+-------+-------++-------
Melee: Rapier            |    90 |    21 |       ||   111
       Dagger            |       |   157 |   408 ||   565
       Short sword       |       |       |    65 ||    65
Throw: Throwing net      |     2 |       |     2 ||     4
Invok: Lunge             |       |       |     4 ||     4
Evoke: Wand              |       |       |     1 ||     1
  Use: Scroll            |       |       |     7 ||     7
       Potion            |       |       |     8 ||     8
 Stab: Held in net/web   |     1 |       |       ||     1
       Sleeping          |     6 |     6 |     8 ||    20
  Eat: Chunk             |     9 |     6 |    12 ||    27
Armor: Leather armour    |     8 |    14 |    49 ||    71
Dodge: Dodged            |    53 |    76 |   246 ||   375
